 Dungeon Crawl Stone Soup version 0.18.1-48-g4cf74bf (webtiles) character file.

4253 Gargoyl the Protected (level 10, -9/77 HPs)
             Began as a Demonspawn Abyssal Knight on Sept 8, 2016.
             Was a High Priest of Lugonu.
             Mangled by an ogre
             ... wielding a +0 giant club
              (21 damage)
             ... on level 8 of the Dungeon.
             The game lasted 00:19:13 (9775 turns).

Gargoyl the Protected (Demonspawn Abyssal Knight)   Turns: 9775, Time: 00:19:13

Health: -9/77      AC: 17    Str: 21    XL:     10   Next: 10%
Magic:  13/13      EV:  8    Int: 17    God:    Lugonu [*****.]
Gold:   137        SH:  0    Dex: 12    Spells: 0 memorised, 9 levels left

rFire  . . .     SeeInvis .     E - +3 war axe
rCold  . . .     Gourm    .     o - +0 plate armour
rNeg   + . .     Faith    .     (no shield)
rPois  +         Spirit   .     v - +0 helmet
rElec  .         Dismiss  .     k - +1 cloak {rPois}
rCorr  .         Reflect  .     (no gloves)
SustAt .         Harm     .     a - +1 pair of boots {run}
MR     .....     Rnd*Rage +     (no amulet)
Stlth  ..........               g - ring of positive energy
                                p - ring of poison resistance

@: mighty, brilliant, quick, not resistant to hostile enchantments, extremely
unstealthy
A: talons 2, yellow scales 1, berserk 1, deformed body, dopey 1, powered by pain
1, spiny 2
a: Depart the Abyss, Bend Space, Banish, Corrupt, Enter the Abyss, Renounce
Religion


You were on level 8 of the Dungeon.
You worshipped Lugonu.
Lugonu was extremely pleased with you.
You were not hungry.

You visited 1 branch of the dungeon, and saw 8 of its levels.
You visited the Abyss 1 time.

You collected 399 gold pieces.
You spent 262 gold pieces at shops.

Inventory:

Hand Weapons
 E - a +3 war axe (weapon)
Missiles
 x - 7 javelins (quivered)
Armour
 a - a +1 pair of boots of running (worn)
 k - a +1 cloak of poison resistance (worn)
 o - a +0 plate armour (worn)
 v - a +0 helmet (worn)
Jewellery
 g - a ring of positive energy (right hand)
 h - an uncursed ring of see invisible
 p - a ring of poison resistance (left hand)
Wands
 b - a wand of digging (9/24)
 r - a wand of hasting (4/9)
Scrolls
 i - a scroll of magic mapping
 n - a scroll of amnesia
 s - 5 scrolls of teleportation
Potions
 f - 2 potions of haste
 m - 3 potions of degeneration {unknown}
 q - a potion of heal wounds {unknown}
 u - a potion of magic
Books
 B - a book of Cantrips

   Spells                             Type                      Level
   a - Corona                         Hexes                        1
   b - Animate Skeleton               Necromancy                   1
   c - Summon Small Mammal            Summoning                    1
   d - Apportation                    Translocation                1
Miscellaneous
 e - a legendary deck of summoning {drawn: 1}
Comestibles
 c - 8 bread rations
 d - 3 chunks of flesh
 l - 19 fruits
 z - 2 meat rations
 A - a royal jelly


   Skills:
 + Level 6.6 Fighting
 + Level 5.3 Axes
 + Level 1.3 Throwing
 * Level 9.6 Armour
 + Level 4.9 Dodging
 + Level 1.6 Stealth
 + Level 4.3 Invocations


You had 9 spell levels left.
You didn't know any spells.

Dungeon Overview and Level Annotations

Branches:
Dungeon (8/15)             Temple (0/1) D:7
   Lair: D:8-11

Altars:
Ashenzari
Dithmenos
Fedhas
Kikubaaqudgha
Nemelex Xobeh
Okawaru
Qazlal
Ru
Trog
Vehumet
Xom
Yredelemnul

Shops:
D:4 =   D:5 *   D:7 %(

Portals:
Ossuary: D:8

Annotations:
Abyss:1 Grinder


Innate Abilities, Weirdness & Mutations

You have razor-sharp toenails.
You are partially covered in yellow scales (AC +2).
You sometimes gain a little power by taking damage.
You are mostly covered in sharp spines.
You tend to lose your temper in combat.
Armour fits poorly on your strangely shaped body.
You are dopey. (Int -2)


Message History

You see here a giant frog corpse.
You butcher the giant frog corpse.
d - 4 chunks of flesh You see here a giant frog skeleton.
Eat one of 4 chunks of flesh? (ye/n/q/i?) This raw flesh tastes terrible.
You continue eating. x2
There is a stone staircase leading down here.
You climb downwards.
You hear the hiss of flowing sand.
There is an entrance to an ossuary on this level.
Hurry and find it before the portal is buried!
The ogre hits you with a giant club!
* * * LOW HITPOINT WARNING * * *
The two-headed ogre hits you but does no damage.
The two-headed ogre hits you with a giant club.
* * * LOW HITPOINT WARNING * * *
There is a stone staircase leading up, spattered with blood here.
Drink which item? (? for menu, Esc to quit)
You feel better. The ogre hits you with a giant club!!
You die...

#.>.#.>.#
##...#...# #'####
##+ #.# ####
#.####..# #
#.......# .#
######..# ###.# #
#######..###
.%..#.#
#.O@Oo.....#
......#
#.#####.)..##.....
# #.....#..###.#
#.............
#.............
###..##.......
#..# .#####. #..#
.# #..# .#


You could see a two-headed ogre, an orc warrior and an ogre.

Vanquished Creatures
  Pikel (D:6)
  A hill giant (D:7)
  A hungry ghost (D:7)
  A water moccasin (D:7)
  An orc warrior (D:7)
  A sky beast (D:8)
  5 ogres
  A centaur (D:7)
  A big kobold (D:7)
  5 giant frogs
  A wyvern zombie (D:7)
  A scorpion (D:6)
  3 killer bees (D:7)
  8 wights
  A centaur zombie (D:7)
  2 crimson imps (D:7)
  A quasit (D:7)
  A hound (D:6)
  Crazy Yiuf (D:3)
  4 orc priests
  8 orc wizards
  2 centaur skeletons
  4 iguanas
  5 worker ants
  A hound skeleton (D:7)
  Robin (D:3)
  A gnoll (D:3)
  8 adders
  An ooze (D:1)
  An adder zombie (D:6)
  5 worms
  2 dart slugs
  7 giant geckos
  21 orcs
  7 bats
  5 giant cockroaches
  10 hobgoblins
  8 jackals
  14 kobolds
  4 quokkas
  A ball python (D:1)
  A giant gecko zombie (D:3)
  5 giant newts
  20 goblins
  A jackal zombie (D:5)
  A quokka zombie (D:7)
  13 rats
198 creatures vanquished.

Vanquished Creatures (collateral kills)
  Blork the orc (D:5)
  An adder skeleton (D:5)
2 creatures vanquished.

Vanquished Creatures (others)
  The ghost of Tagedieb the Covert, a novice OpAs (D:5)
  A centaur (D:8)
  A big kobold (D:8)
  A worker ant (D:8)
  An orc (D:8)
5 creatures vanquished.

Grand Total: 205 creatures vanquished

Notes
Turn   | Place    | Note
--------------------------------------------------------------
     0 | Abyss:1  | Gargoyl the Demonspawn Abyssal Knight began the quest for the Orb.
     0 | Abyss:1  | Reached XP level 1. HP: 18/18 MP: 2/2
     9 | Abyss:1  | Found a shadowy altar of Dithmenos.
   114 | D:1      | Escaped the Abyss
   461 | D:1      | Reached skill level 2 in Armour
   463 | D:1      | Reached skill level 1 in Dodging
   463 | D:1      | Gained mutation: You are partially covered in yellow scales (AC +2). [demonic ancestry]
   463 | D:1      | Reached XP level 2. HP: 22/24 MP: 3/3
   624 | D:1      | Reached * piety under Lugonu
   913 | D:1      | Reached XP level 3. HP: 24/29 MP: 4/4
  1642 | D:2      | Reached ** piety under Lugonu
  2093 | D:2      | Reached XP level 4. HP: 37/37 MP: 5/5
  2891 | D:3      | Found a radiant altar of Vehumet.
  2941 | D:3      | Noticed Robin
  2948 | D:3      | Reached skill level 3 in Armour
  2960 | D:3      | Killed Robin
  3199 | D:4      | Found Noxezed's Jewellery Emporium.
  3222 | D:4      | Gained mutation: You sometimes gain a little power by taking damage. [demonic ancestry]
  3222 | D:4      | Reached XP level 5. HP: 11/42 MP: 6/6
  3575 | D:4      | Reached *** piety under Lugonu
  3696 | D:4      | HP: 2/42 [orc priest/nerve-wracking pain (9)]
  4101 | D:4      | Gained mutation: You have sharp toenails. [demonic ancestry]
  4101 | D:4      | Reached XP level 6. HP: 37/48 MP: 7/7
  4230 | D:3      | Found an iron altar of Okawaru.
  4540 | D:3      | Noticed Crazy Yiuf
  4549 | D:3      | Gained mutation: You have razor-sharp toenails. [potion of mutation]
  4549 | D:3      | Gained mutation: You are dopey. (Int -2) [potion of mutation]
  4549 | D:3      | Gained mutation: You tend to lose your temper in combat. [potion of mutation]
  4571 | D:3      | Killed Crazy Yiuf
  4571 | D:3      | Reached skill level 4 in Armour
  4832 | D:4      | Reached skill level 1 in Stealth
  5146 | D:4      | Found a sparkling altar of Nemelex Xobeh.
  5259 | D:4      | Reached **** piety under Lugonu
  5260 | D:4      | Reached XP level 7. HP: 7/54 MP: 8/8
  5854 | D:4      | Noticed a moth of wrath
  5876 | D:4      | Found an ancient bone altar of Kikubaaqudgha.
  6055 | D:4      | Found a bloodstained altar of Trog.
  6229 | D:5      | Entered Level 5 of the Dungeon
  6229 | D:5      | Noticed Tagedieb's ghost (novice OpAs)
  6364 | D:5      | Banished Tagedieb's ghost
  6364 | D:5      | Reached skill level 5 in Armour
  6461 | D:5      | Found Zeos's Assorted Antiques.
  6471 | D:5      | Bought a twisted ruby ring for 150 gold pieces
  6733 | D:5      | Noticed Grinder
  6860 | D:5      | Paralysed by Grinder for 2 turns
  6864 | D:5      | Banished Grinder
  6864 | D:5      | Reached skill level 6 in Armour
  6864 | D:5      | Gained mutation: You are partially covered in sharp spines. [demonic ancestry]
  6864 | D:5      | Reached XP level 8. HP: 6/61 MP: 8/10
  7231 | D:5      | Noticed Blork the orc
  7238 | D:5      | Killed Blork the orc
  7258 | D:5      | Found a stormy altar of Qazlal.
  7654 | D:6      | Reached skill level 5 in Fighting
  7762 | D:6      | Found a shimmering altar of Xom.
  7853 | D:6      | Reached skill level 7 in Armour
  7883 | D:6      | Noticed Pikel
  7893 | D:6      | Killed Pikel
  7925 | D:6      | Found a sacrificial altar of Ru.
  7932 | D:6      | Gained mutation: You are mostly covered in sharp spines. [demonic ancestry]
  7932 | D:6      | Reached XP level 9. HP: 68/68 MP: 12/12
  7979 | D:6      | Found a shadowy altar of Dithmenos.
  8080 | D:6      | Reached skill level 8 in Armour
  8277 | D:7      | Reached ***** piety under Lugonu
  8622 | D:7      | Found a staircase to the Ecumenical Temple.
  8639 | D:7      | Noticed a hill giant
  8655 | D:7      | Killed a hill giant
  8655 | D:7      | Reached skill level 5 in Axes
  8655 | D:7      | Reached skill level 1 in Throwing
  8655 | D:7      | Reached skill level 9 in Armour
  8659 | D:7      | Found Qebyomeys's Food Shoppe.
  8915 | D:7      | Found a basalt altar of Yredelemnul.
  9020 | D:7      | Found a blossoming altar of Fedhas.
  9256 | D:7      | Found Geseriur's Antique Weapon Boutique.
  9263 | D:7      | Bought a war axe for 112 gold pieces
  9270 | D:7      | Identified a scroll of acquirement
  9282 | D:7      | Identified a +0 pair of boots of running (You acquired it on level 7 of the Dungeon)
  9362 | D:7      | Reached XP level 10. HP: 42/77 MP: 13/13
  9628 | D:7      | Found a shattered altar of Ashenzari.
  9712 | D:8      | Found a sand-covered staircase.
  9737 | D:8      | Gained mutation: Armour fits poorly on your strangely shaped body. [mutagenic meat]
  9775 | D:8      | Mangled by an ogre

Skill      XL: |  1  2  3  4  5  6  7  8  9 |
---------------+----------------------------+-----
Armour         | 2 3 4 6 7 9 |  9.6
Dodging        | 1 2 3 4 |  4.9
Axes           | 2 3 4 5 |  5.3
Fighting       | 4 5 6 |  6.6
Stealth        | 1 |  1.6
Invocations    | 4 |  4.3
Throwing       | 1 |  1.3

Action                   |  1- 3 |  4- 6 |  7- 9 | 10-12 || total
-------------------------+-------+-------+-------+-------++-------
Melee: Hand axe          |   156 |   295 |   219 |       ||   670
       Kick              |       |    19 |    14 |       ||    33
       War axe           |       |       |    21 |    19 ||    40
Throw: Javelin           |       |       |    11 |       ||    11
Invok: Depart the Abyss  |     1 |       |       |       ||     1
       Banish            |       |       |     2 |       ||     2
Evoke: Deck              |       |       |     1 |       ||     1
  Use: Scroll            |     4 |     7 |    12 |       ||    23
       Potion            |       |     5 |     7 |     2 ||    14
 Stab: Paralysed         |       |       |     1 |       ||     1
  Eat: Chunk             |     3 |    12 |    14 |     3 ||    32
       Pizza             |       |       |     1 |       ||     1
Armor: Ring mail         |    71 |   127 |       |       ||   198
       Chain mail        |       |    79 |   175 |       ||   254
       Skin              |       |    16 |       |       ||    16
       Plate armour      |       |       |       |    11 ||    11
Dodge: Dodged            |   116 |   164 |   126 |     8 ||   414
